 Dungeon Sprint DCSS version 0.18.1-50-g88ac8fd (webtiles) character file.

623 lorenzova the Protected (level 7, -1/74 HPs)
             Began as a Minotaur Fighter on Oct 15, 2016.
             Was an Initiate of Qazlal.
             Slain by a kobold demonologist
             ... wielding a +0 dagger
              (3 damage)
             ... while paralysed by a giant eyeball
             ... in the Dungeon (Sprint I: "Red Sonja").
             The game lasted 00:02:05 (618 turns).

lorenzova the Protected (Minotaur Fighter)           Turns: 618, Time: 00:02:06

Health: -1/74      AC: -2    Str: 24    XL:     7   Next: 22%
Magic:  6/6        EV:  2    Int:  5    God:    Qazlal [......]
Gold:   319        SH:  0    Dex: 10    Spells: 0 memorised, 6 levels left

rFire  . . .     SeeInvis .     n - +0 long sword
rCold  . . .     Gourm    .     b - +0 scale mail
rNeg   . . .     Faith    .     c - +0 shield
rPois  .         Spirit   .     (helmet restricted)
rElec  .         Dismiss  .     (no cloak)
rCorr  .         Reflect  .     (no gloves)
SustAt .         Harm     .     (no boots)
MR     .....     NoTele   +     o - amulet of regeneration
Stlth  ..........               (no ring)
                                p - +2 ring of strength

@: paralysed, corroded, not resistant to hostile enchantments, extremely
unstealthy
A: retaliatory headbutt, horns 2
a: Renounce Religion


You were in the Dungeon.
You worshipped Qazlal.
Qazlal was noncommittal.
You were not hungry.

You visited 1 branch You collected 424 gold pieces.
You spent 105 gold pieces at shops.

Inventory:

Hand Weapons
 a - a +0 long sword
 n - a +0 long sword (weapon)
Armour
 b - a +0 scale mail (worn)
 c - a +0 shield (worn)
Jewellery
 o - an amulet of regeneration (around neck)
 p - a +2 ring of strength (left hand)
Wands
 l - a wand of polymorph (11/24)
Scrolls
 k - a scroll of blinking
Potions
 d - a potion of might
 e - a potion of curing
 g - a potion of heal wounds
 h - a potion of haste
 i - 2 potions of magic
 j - a potion of berserk rage
 m - a potion of ambrosia {unknown}
Comestibles
 f - a bread ration


   Skills:
 + Level 11.2 Fighting
 - Level 2.4 Long Blades
 + Level 11.3 Armour
 + Level 11.3 Shields


You had 6 spell levels left.
You didn't know any spells.

Dungeon Overview and Level Annotations

Branches:
Dungeon (1/1)

Altars:
Cheibriados
Dithmenos
Elyvilon
Fedhas
Gozag
Kikubaaqudgha
Makhleb
Nemelex Xobeh
Okawaru
Pakellas
Qazlal
Ru
Sif Muna
Trog
Vehumet
Xom
Yredelemnul
Zin
The Shining One
Jiyva

Shops:
D =


Innate Abilities, Weirdness & Mutations

You reflexively headbutt those who attack you in melee.
You have a pair of horns on your head.


Message History

The kobold demonologist is moderately wounded.
The iron imp shouts, "Out, out, thou ducking folly-fallen cud-chewer!"
You block the rust devil's attack.
The kobold demonologist hits you but does no damage.
The giant eyeball gazes piercingly through you!
You suddenly lose the ability to move!
The rust devil hits you. The rust devil corrodes you!
The kobold demonologist hits you with a dagger.
The rust devil hits you!
* * * LOW HITPOINT WARNING * * *
The rust devil corrodes you!
The soul eater draws from the surrounding life force!
* * * LOW HITPOINT WARNING * * *
The kobold demonologist hits you with a dagger.
* * * LOW HITPOINT WARNING * * *
The rust devil hits you!
* * * LOW HITPOINT WARNING * * *
The rust devil corrodes you!
The kobold demonologist hits you with a dagger.
You die...

#####################
.').#..'..#__#.4@G45#
.#..)..#..'^.'..#K34#
###'#####'#__####K55+
##..#...#.####§ ####
_####..##.#§§§§
.___##'#..+§§≈§
.∩...'..._#§§§§
..._##_.#'##+##
____###+#.#


You could see a soul eater, 2 rust devils, 2 kobold demonologists, a red devil,
a giant eyeball, an iron imp, a quasit and a shadow imp.

Vanquished Creatures
  A slime creature (D)
  Sigmund (D)
  A yak (D)
  An ogre (D)
  A jelly (D)
  Ijyb (D)
6 creatures vanquished.

Notes
Turn   | Place    | Note
--------------------------------------------------------------
     0 | D        | lorenzova the Minotaur Fighter began the quest for the Orb.
     0 | D        | Reached XP level 1. HP: 19/19 MP: 0/0
     1 | D        | Noticed Ijyb
     9 | D        | Killed Ijyb
     9 | D        | Reached skill level 5 in Fighting
     9 | D        | Reached skill level 5 in Armour
     9 | D        | Reached skill level 5 in Shields
     9 | D        | Reached XP level 2. HP: 23/29 MP: 1/1
    69 | D        | Noticed an ogre
    74 | D        | Killed an ogre
    74 | D        | Reached XP level 3. HP: 26/39 MP: 2/2
    74 | D        | Reached XP level 4. HP: 31/47 MP: 3/3
   149 | D        | Noticed Sigmund
   165 | D        | Killed Sigmund
   165 | D        | Reached XP level 5. HP: 40/57 MP: 4/4
   165 | D        | Reached XP level 6. HP: 44/63 MP: 5/5
   280 | D        | Found a snail-covered altar of Cheibriados.
   280 | D        | Found a viscous altar of Jiyva.
   280 | D        | Found a shadowy altar of Dithmenos.
   280 | D        | Found a blossoming altar of Fedhas.
   280 | D        | Noticed a slime creature
   290 | D        | Killed a slime creature
   290 | D        | Reached skill level 10 in Fighting
   290 | D        | Reached skill level 10 in Armour
   290 | D        | Reached skill level 10 in Shields
   500 | D        | Found a deep blue altar of Sif Muna.
   502 | D        | Found a radiant altar of Vehumet.
   514 | D        | Found Obuavaor's Jewellery Emporium.
   514 | D        | Found a white marble altar of Elyvilon.
   514 | D        | Found a stormy altar of Qazlal.
   514 | D        | Found a burning altar of Makhleb.
   514 | D        | Found a sacrificial altar of Ru.
   514 | D        | Found an oddly glowing altar of Pakellas.
   514 | D        | Found a basalt altar of Yredelemnul.
   514 | D        | Found a glowing golden altar of the Shining One.
   514 | D        | Found a sparkling altar of Nemelex Xobeh.
   514 | D        | Found a shimmering altar of Xom.
   514 | D        | Found an opulent altar of Gozag.
   514 | D        | Found an ancient bone altar of Kikubaaqudgha.
   514 | D        | Found a glowing silver altar of Zin.
   514 | D        | Noticed a yak
   522 | D        | Killed a yak
   522 | D        | Reached XP level 7. HP: 65/74 MP: 6/6
   523 | D        | Found an iron altar of Okawaru.
   524 | D        | Found a bloodstained altar of Trog.
   526 | D        | Became a worshipper of Qazlal Stormbringer
   577 | D        | Bought a +2 ring of strength for 105 gold pieces
   604 | D        | Noticed a kobold demonologist
   605 | D        | Noticed a kobold demonologist
   606 | D        | Paralysed by a giant eyeball for 4 turns
   607 | D        | Noticed a red devil
   608 | D        | Noticed a rust devil
   611 | D        | Noticed a rust devil
   615 | D        | Noticed a soul eater
   615 | D        | Paralysed by a giant eyeball for 4 turns
   618 | D        | HP: 2/74 [rust devil[a kobold demonologist] (7)]
   618 | D        | Slain by a kobold demonologist

Skill      XL: |  1  2  3  4  5  6 |
---------------+-------------------+-----
Fighting       | 5 7 9 11 | 11.2
Armour         | 5 7 9 11 | 11.3
Shields        | 5 7 9 11 | 11.3
Long Blades    | |  2.4

Action                   |  1- 3 |  4- 6 |  7- 9 || total
-------------------------+-------+-------+-------++-------
Melee: Unarmed           |     7 |       |       ||     7
       Long sword        |     5 |    30 |     7 ||    42
       Headbutt          |     2 |    12 |     2 ||    16
Armor: Scale mail        |       |     9 |     5 ||    14
Dodge: Dodged            |     4 |     5 |     2 ||    11
Block: Shield            |     3 |     9 |     9 ||    21
